 Dungeon Crawl Stone Soup version 0.31-a0-4-gefa6de2278 (webtiles) character file.

Game seed: 2097694625157192851

22 ytrimaz the Magician (level 3, -6/27 HPs)
             Began as a Djinni Conjurer on May 3, 2023.
             Mangled by Terence
             ... wielding a +0 flail
              (12 damage)
             ... on level 2 of the Dungeon.
             The game lasted 00:00:48 (521 turns).

ytrimaz the Magician (Djinni Conjurer)               Turns: 521, Time: 00:00:49

Health: -6/27      AC:  2    Str:  6    XL:     3   Next: 7%
Gold:   78         EV: 12    Int: 21    God:
                   SH:  0    Dex: 11

rFire   + + .        (no weapon)
rCold   x . .        (no shield)
rNeg    . . .        a - +0 robe
rPois   ∞            (no helmet)
rElec   .            (no cloak)
rCorr   .            (no gloves)
SInv    .            (boots unavailable)
Will    .....        (no amulet)
Stlth   ++           (no ring)
HPRegen 0.24/turn    (no ring)
MPRegen 0.00/turn

%: infuse magic (-7 HP)
@: flying
A: sickness immunity, fire resistance 2, cold vulnerability 1, float, innate
caster, HP casting, extra vitality 1
a: no special abilities


You were on level 2 of the Dungeon.
You visited 1 branch of the dungeon, and saw 2 of its levels.

You collected 78 gold pieces.


Innate Abilities, Weirdness & Mutations

You are immune to sickness and miasma.
You are immune to poison.
Your flesh is very heat resistant. (rF++)
You are vulnerable to cold. (rC-)
You float through the air rather than walking.
You learn spells naturally, not from books.
Your magical power is your life essence.
You have superior vitality. (+4 MHP)


   Skills:
 - Level 1.0 Fighting
 + Level 2.3 Dodging
 - Level 1.5 Stealth
 * Level 3.7 Spellcasting


You knew the following spells:

 Your Spells              Type           Power      Damage    Failure   Level
a - Magic Dart            Conj           76%        1d6       2%          1
b - Searing Ray           Conj           38%        2d5       4%          2
c - Dazzling Flash        Conj/Hex       38%        N/A       9%          3
d - Fulminant Prism       Conj/Hex       9%         3d6       26%         4
e - Iskenderun's Mystic   Conj/Tloc      19%        2d6       26%         4
f - Necrotise             Necr           76%        1d7       2%          1
Your spell library was empty.

Inventory:

Armour
 a - a +0 robe (worn)
Scrolls
 b - 2 scrolls of identify {unknown}
 d - a scroll of blinking {unknown}
 f - 2 scrolls of teleportation {unknown}
 g - a scroll of magic mapping {unknown}
 h - a scroll of noise {unknown}
Potions
 c - 2 potions of might {unknown}
 e - a potion of curing {unknown}

Dungeon Overview and Level Annotations

Branches:
Dungeon (2/15) Zot: 11478

Altars:

Annotations:
D:2 Terence

########
#.@....#
#@#
#.####
#.##<#
#.##.#
#.##.#
#.##.#
#.##.#
#.##.#
#.##.#


You could see Terence.


Message History

😎 HP[+1]
Your hp is fully restored (22).
Key pressed, stopping explore.
A hobgoblin comes into view.
The magic dart hits the hobgoblin. 😕 HP[-1]
You take 1 damage, and now have 21/22 hp.
The magic dart hits the hobgoblin.
You kill the hobgoblin!
You have reached level 3!
Your experience leads to an increase in your attributes!
Increase (S)trength, (I)ntelligence, or (D)exterity?
You feel clever. x2
The power to cast Necrotise wells up from within.
Spell assigned to 'f'. 😕 HP[+4]
You now have 27 max hp (+5).
You regained 4 hp, and now have 25/27 hp.
Casting: Magic Dart (safe; 2% risk of failure)
Confirm with . or Enter, or press ? or * to list all spells.
Okay, then.
Key pressed, stopping explore.
Done exploring. 😎 HP[+2]
Your hp is fully restored (27).
Done exploring.
Done exploring.
Done exploring.
You see here a rat skeleton.
There is a stone staircase leading down here.
You fly downwards.
There is a stone staircase leading up here.
Unknown command.
A hobgoblin is nearby!
A hobgoblin is nearby!
A hobgoblin is nearby!
The magic dart hits the hobgoblin.
The hobgoblin shouts!
The hobgoblin barely misses you. 😕 HP[-1]
You take 1 damage, and now have 26/27 hp.
The magic dart hits the hobgoblin but does no damage.
The hobgoblin closely misses you. 😕 HP[-1]
You take 1 damage, and now have 25/27 hp.
Unknown command.
The magic dart hits the hobgoblin.
You kill the hobgoblin! 😕 HP[-1]
You take 1 damage, and now have 24/27 hp.
Terence the Incautious comes into view.
He is wielding a +0 flail and wearing a +2 ring mail of cold resistance. 😎 HP[+3]
Your hp is fully restored (27).
Terence is nearby!
Terence is nearby!
Terence is nearby!
Casting: Magic Dart (safe; 2% risk of failure)
Confirm with . or Enter, or press ? or * to list all spells.
Aiming: Searing Ray (safe; 4% risk of failure)
Press: ? - help, Shift-Dir - straight line, f - Terence
Aim: Terence, wielding a +0 flail and wearing a +2 ring mail of cold resistance (asleep, 100% to hit)
The searing ray hits Terence.
Terence shouts! (Press . to maintain the ray.) 😕 HP[-2]
You take 2 damage, and now have 25/27 hp.
The searing ray hits Terence.
Terence closely misses you.
The searing ray hits Terence.
Terence shouts, "Get ready for death!"
Terence misses you. 😕 HP[-1]
You take 1 damage, and now have 24/27 hp.
The searing ray hits Terence!
You finish channelling your searing ray.
Terence hits you with a +0 flail. 😮 HP[-6]
You take 6 damage, and now have 18/27 hp.
MASSIVE DAMAGE!! (PAUSE) Terence barely misses you.
Terence hits you with a +0 flail!
* * * LOW HITPOINT WARNING * * *
😨 HP[-7]
You take 7 damage, and now have 11/27 hp.
MASSIVE DAMAGE!! (PAUSE)
Casting: Searing Ray (safe; 4% risk of failure)
Confirm with . or Enter, or press ? or * to list all spells.
Aiming: Searing Ray (safe; 4% risk of failure)
Press: ? - help, Shift-Dir - straight line, f/p - Terence
Aim: Terence, wielding a +0 flail and wearing a +2 ring mail of cold resistance (almost dead, 81% to hit)
The searing ray hits Terence but does no damage. (Press . to maintain the ray.)
* * * LOW HITPOINT WARNING * * *
Terence hits you with a +0 flail.
* * * LOW HITPOINT WARNING * * *
😨 HP[-4]
You take 4 damage, and now have 7/27 hp.
The searing ray hits Terence.
* * * LOW HITPOINT WARNING * * *
Terence hits you with a +0 flail!
You die...

Skill      XL: |  1  2 |
---------------+-------+-----
Fighting       | 1 |  1.0
Dodging        | |  2.3
Stealth        | |  1.5
Spellcasting   | |  3.7

Action                     || total
---------------------------++-------
   Cast: Magic Dart        ||    38
         Searing Ray       ||     2
 Armour: Robe              ||     1
  Dodge: Dodged            ||     7

Levels and vault maps discovered:
D:1:      mrwooster_arrival_statue_2, layout_rooms
D:2:      layout_basic, basic_altar, serial_shops, shop, shop, uniq_terence

Notes
Turn   | Place    | Note
-------+----------+-------------------------------------------
     0 | D:1      | ytrimaz the Djinni Conjurer began the quest for the Orb.
     0 | D:1      | ytrimaz set off with the following spells memorised: Magic
                  | Dart, Searing Ray, Dazzling Flash, Fulminant Prism,
                  | Iskenderun's Mystic Blast.
     0 | D:1      | Reached XP level 1. HP: 15/15 MP: 0/0
     0 | D:1      | magus.rc [v1.9.6]
    99 | D:1      | Reached XP level 2. HP: 21/22 MP: 0/0
   261 | D:1      | Reached skill level 1 in Fighting
   431 | D:1      | Reached XP level 3. HP: 25/27 MP: 0/0
   431 | D:1      | Learned a level 1 spell: Necrotise
   513 | D:2      | Noticed Terence
   521 | D:2      | Mangled by Terence

Vanquished Creatures
  2 endoplasms (D:1)
  2 giant cockroaches (D:1)
  A goblin (D:1)
  5 hobgoblins
  2 kobolds (D:1)
  A quokka (D:1)
  A ball python (D:1)
  A bat (D:1)
  A frilled lizard (D:1)
  4 rats (D:1)
20 creatures vanquished.

Table legend:
 A = Non-vault XP
 B = Vault XP
 C = Vault XP percentage of total XP
 D = Non-vault monster count
 E = Vault monster count
 F = Vault count percentage of total count
                 A         B        C        D         E       F
            +---------+---------+-------+---------+---------+-------
      Total |      32 |       0 |   0.0 |      20 |       0 |   0.0
            +---------+---------+-------+---------+---------+-------
        D:1 |      30 |       0 |   0.0 |      19 |       0 |   0.0
        D:2 |       2 |       0 |   0.0 |       1 |       0 |   0.0
            +---------+---------+-------+---------+---------+-------

Skill      XL: |  1  2 |
---------------+-------+-----
Fighting       | 1 |  1.0
Dodging        | |  2.3
Stealth        | |  1.5
Spellcasting   | |  3.7

Action                     || total
---------------------------++-------
   Cast: Magic Dart        ||    38
         Searing Ray       ||     2
 Armour: Robe              ||     1
  Dodge: Dodged            ||     7

Illustrated notes

Table legend:
 A = Kills in this place as a percentage of kills in the entire game.
 B = Kills by you in this place as a percentage of kills by you in the entire game.
 C = Kills by friends in this place as a percentage of kills by friends in the entire game.
 D = Other kills in this place as a percentage of other kills in the entire game.
 E = Experience gained in this place as a percentage of experience gained in the entire game.
 F = Experience gained in this place divided by the number of levels of this place that you have seen.
                   A       B       C       D       E      F
               +-------+-------+-------+-------+-------+----------------------
         Total | 100.0 | 100.0 |   N/A |   N/A | 100.0 |  16.0
       Dungeon | 100.0 | 100.0 |   N/A |   N/A | 100.0 |  16.0
               +-------+-------+-------+-------+-------+----------------------

Table legend: (Time is in decaauts)
 A = Elapsed time spent in this place.
 B = Non-inter-level travel time spent in this place.
 C = Inter-level travel time spent in this place.
 D = Time resting spent in this place.
 E = Time spent auto-exploring this place.
 F = Levels seen in this place.
 G = Mean time per level.
                   A        B        C        D        E       F      G
               +--------+--------+--------+--------+--------+-----+--------+
         Total |    520 |    500 |     20 |      0 |    417 |   2 |  260.0 |
       Dungeon |    520 |    500 |     20 |      0 |    417 |   2 |  260.0 |
               +--------+--------+--------+--------+--------+-----+--------+

Top non-repeatable levels by time:
     D:1: 477 daAuts
     D:2: 43 daAuts
